 Dungeon Crawl Stone Soup version 0.25-a0-306-g3faca94807 (webtiles) character file.

Game seed: 2319159111691255120, levelgen mode: deterministic

133 Redear the Skirmisher (level 4, 0/37 HPs)
             Began as a Mummy Monk on Dec 21, 2019.
             Slain by a centaur skeleton (8 damage)
             ... on level 4 of the Dungeon.
             The game lasted 00:05:15 (5779 turns).

Redear the Skirmisher (Mummy Monk)                  Turns: 5779, Time: 00:05:16

Health: 0/37       AC:  0    Str: 14    XL:     4   Next: 94%
Magic:  4/4        EV: 13    Int:  9    God:
Gold:   156        SH:  0    Dex: 15    Spells: 3/3 levels left

rFire    . . .     SeeInvis .     - Unarmed
rCold    + . .     Gourm    .   (no shield)
rNeg     + + +     Faith    .   (no armour)
rPois    ∞         Spirit   .   (no helmet)
rElec    .         Reflect  .   (no cloak)
rCorr    .         Harm     .   (no gloves)
MR       .....                  (no boots)
Stlth    ++........             (no amulet)
HPRegen  0.12/turn              f - ring of protection from fire {rF+}
MPRegen  0.09/turn              (no ring)

@: no status effects
A: no food or potions, fire vulnerability, cold resistance 1, negative energy
resistance 3, torment resistance, unbreathing
a: no special abilities


You were on level 4 of the Dungeon.
You were not hungry.

You visited 1 branch of the dungeon, and saw 4 of its levels.

You collected 156 gold pieces.

Inventory:

Armour
 i - a +2 pair of boots
Jewellery
 f - a ring of protection from fire (left hand) {rF+}
Scrolls
 a - a scroll of magic mapping {unknown}
 b - a scroll of fear {unknown}
 c - 2 scrolls of identify {unknown}
 d - a scroll of immolation {unknown}
 e - 3 scrolls of enchant weapon {unknown}
 g - a scroll of noise {unknown}
 h - 2 scrolls of teleportation {unknown}
 j - a scroll of amnesia {unknown}


   Skills:
 + Level 4.1 Fighting
 + Level 3.3 Dodging
 - Level 1.5 Stealth
 + Level 3.3 Unarmed Combat


You had 3 spell levels left.
You didn't know any spells.
Your spell library was empty.

Dungeon Overview and Level Annotations

Branches:
Dungeon (4/15)
 Temple: D:4-7

Altars:
Fedhas

Annotations:
D:2 1 runed translucent door, Crazy Yiuf


Innate Abilities, Weirdness & Mutations

You do not eat or drink.
Your flesh is vulnerable to fire.
You are immune to poison.
Your flesh is cold resistant. (rC+)
You are immune to negative energy. (rN+++)
You are immune to unholy pain and torment.
You can survive without breathing.


Message History

The centaur skeleton is severely damaged.
The centaur skeleton hits you.
You take 2 damage, and have 24/37 hp.
Press: ? - help, v - describe, . - travel
Here: a centaur skeleton (severely damaged)
The floor.
Unknown command.
You hit the centaur skeleton.
The centaur skeleton is almost destroyed.
The centaur skeleton hits you! x2
* * * LOW HITPOINT WARNING * * *
You take 16 damage, and have 8/37 hp.
MASSIVE DAMAGE!!
Okay, then.
You hit the centaur skeleton.
The centaur skeleton is almost destroyed.
The centaur skeleton closely misses you.
You hit the centaur skeleton.
The centaur skeleton is almost destroyed.
The centaur skeleton hits you!
You die...

...... # ......
.##...... .........
#........ . #
#.......#
..#.###.......+ ...
.......@......###...
#.....Z...###........
...$................#
...........##.#.##..#
#.......##...#.......#
....#.....#.......#
##..###...###.....##
.##..###..###.....#.#
...........#......###


You could see a centaur skeleton.

Vanquished Creatures
  3 adders
  4 worms
  4 dart slugs
  2 leopard geckos (D:1)
  7 orcs
  6 giant cockroaches
  7 goblins
  4 hobgoblins
  3 jackals (D:3)
  5 kobolds
  2 quokkas (D:2)
  3 ball pythons
  12 bats
  6 frilled lizards
  7 rats
  A bush (D:2)
76 creatures vanquished.

Notes
Turn   | Place    | Note
-------+----------+-------------------------------------------
     0 | D:1      | Redear the Mummy Monk began the quest for the Orb.
     0 | D:1      | Reached XP level 1. HP: 18/18 MP: 1/1
   494 | D:1      | Reached XP level 2. HP: 4/24 MP: 2/2
  1879 | D:2      | Reached XP level 3. HP: 6/29 MP: 3/3
  2172 | D:2      | Found a blossoming altar of Fedhas.
  2940 | D:2      | Reached skill level 3 in Dodging
  2940 | D:2      | Reached skill level 3 in Unarmed Combat
  3545 | D:2      | Reached XP level 4. HP: 28/37 MP: 4/4
  3722 | D:2      | Found a runed translucent door.
  3723 | D:2      | Noticed Crazy Yiuf
  4786 | D:3      | Reached skill level 4 in Fighting
  5779 | D:4      | Slain by a centaur skeleton

Levels and vault maps discovered:
D:1:      psy_arrival_fountain, layout_basic
D:2:      layout_loops_cross, minmay_hedge_maze, fedhas_altar_2,
          uniq_crazy_yiuf_cottage
D:3:      layout_loops_ring, st_stairs_11
D:4:      layout_cave_pools, kennysheep_mini, skrybe_limestone_x, uniq_pikel,
          uniq_duvessa

Skill      XL: |  1  2  3  4 |
---------------+-------------+-----
Dodging        | 3 |  3.3
Unarmed Combat | 3 |  3.3
Fighting       | 4 |  4.1
Stealth        | |  1.5

Action                   |  1- 3 |  4- 6 || total
-------------------------+-------+-------++-------
Melee: Unarmed           |   387 |   131 ||   518
       Punch             |     5 |     2 ||     7
 Stab: Sleeping          |     8 |     3 ||    11
Dodge: Dodged            |   122 |    98 ||   220

Table legend:
 A = Non-vault XP
 B = Vault XP
 C = Vault XP percentage of total XP
 D = Non-vault monster count
 E = Vault monster count
 F = Vault count percentage of total count
                 A         B        C        D         E       F
            +---------+---------+-------+---------+---------+-------
      Total |     186 |       5 |   2.6 |      72 |       3 |   4.0
            +---------+---------+-------+---------+---------+-------
        D:1 |      39 |       0 |   0.0 |      22 |       0 |   0.0
        D:2 |      63 |       0 |   0.0 |      26 |       0 |   0.0
        D:3 |      71 |       5 |   6.6 |      20 |       3 |  13.0
        D:4 |      13 |       0 |   0.0 |       4 |       0 |   0.0
            +---------+---------+-------+---------+---------+-------
